 Dungeon Crawl Stone Soup version 0.27-a0-1358-ga0a28fc8c3 (webtiles) character file.

Game seed: 6688399401255171264

5 Gargoyl the Skirmisher (level 1, -26/23 HPs)
             Began as a Gnoll Abyssal Knight on June 28, 2021.
             Was a Follower of Lugonu.
             Annihilated by a large abomination (37 damage)
             ... on level 1 of the Abyss.
             The game lasted 00:00:21 (80 turns).

Gargoyl the Skirmisher (Gnoll Abyssal Knight)         Turns: 80, Time: 00:00:21

Health: -26/23     AC:  3    Str: 11    XL:     1   Next: 80%
Magic:  3/3        EV: 11    Int: 11    God:    Lugonu [*.....]
Gold:   29         SH:  0    Dex: 11    Spells: 0/0 levels left

rFire    . . .     SeeInvis .   a - +1 hand axe
rCold    . . .     Faith    .   (no shield)
rNeg     . . .     Spirit   .   b - +0 leather armour
rPois    .         Reflect  .   (no helmet)
rElec    .         Harm     .   (no cloak)
rCorr    .         Rampage  .   (no gloves)
Will     .....                  (no boots)
Stlth    +.........             (no amulet)
HPRegen  0.07/turn              (no ring)
MPRegen  0.08/turn              (no ring)

@: no status effects
A: fangs 1, strong nose, distributed training
a: Renounce Religion, Depart the Abyss


You were on level 1 of the Abyss.
You worshipped Lugonu.
Lugonu was aware of your devotion.
You visited 0 branches of the dungeon, and saw 0 of its levels.
You visited the Abyss 1 time.

You collected 29 gold pieces.

Inventory:

Hand Weapons
 a - a +1 hand axe (weapon)
Missiles
 d - 16 poisoned darts (quivered)
Armour
 b - a +0 leather armour (worn)
 c - a +0 ring mail


   Skills:
 + Level 6.4 Fighting
 + Level 0.1 Short Blades
 + Level 0.1 Long Blades
 + Level 4.4 Axes
 + Level 0.1 Maces & Flails
 + Level 0.1 Polearms
 + Level 0.1 Staves
 + Level 0.1 Slings
 + Level 0.1 Bows
 + Level 0.1 Crossbows
 + Level 0.1 Throwing
 + Level 4.4 Armour
 + Level 2.4 Dodging
 + Level 0.1 Stealth
 + Level 0.1 Shields
 + Level 0.1 Unarmed Combat
 + Level 0.1 Spellcasting
 + Level 0.1 Conjurations
 + Level 0.1 Hexes
 + Level 0.1 Summonings
 + Level 0.1 Necromancy
 + Level 0.1 Translocations
 + Level 0.1 Transmutations
 + Level 0.1 Fire Magic
 + Level 0.1 Ice Magic
 + Level 0.1 Air Magic
 + Level 0.1 Earth Magic
 + Level 0.1 Poison Magic
 + Level 4.4 Invocations
 + Level 0.1 Evocations


You couldn't memorise any spells.
You didn't know any spells.
Your spell library was empty.

Dungeon Overview and Level Annotations

Branches:
Dungeon (0/15)

Altars:


Innate Abilities, Weirdness & Mutations

You have very sharp teeth.
Your uncanny sense of smell can sniff out nearby items.
Your experience applies equally to all skills.


Message History

Throw: 20 darts (poison)
Press: ? - help, Q - select action, (/) - cycle Shift-Dir - straight line, f - ufetubus
Aim: an ufetubus (40% to hit)
You throw a poisoned dart. The poisoned dart misses the ufetubus.
The ufetubus hits you. The ufetubus barely misses you.
Unknown command.
Throw: 19 darts (poison)
Press: ? - help, Q - select action, (/) - cycle Shift-Dir - straight line, f/p - ufetubus
Aim: an ufetubus (40% to hit)
You throw a poisoned dart. The poisoned dart misses the ufetubus.
The ufetubus closely misses you. The ufetubus barely misses you.
The ufetubus hits you. The ufetubus barely misses you.
Throw: 18 darts (poison)
Press: ? - help, Q - select action, (/) - cycle Shift-Dir - straight line, f/p - ufetubus
Aim: an ufetubus (40% to hit)
You throw a poisoned dart. The poisoned dart misses the ufetubus.
The ufetubus barely misses you. The ufetubus closely misses you.
Unknown command.
Throw: 17 darts (poison)
Press: ? - help, Q - select action, (/) - cycle Shift-Dir - straight line, f/p - ufetubus
Aim: an ufetubus (40% to hit)
You throw a poisoned dart. The poisoned dart hits the ufetubus.
The ufetubus is poisoned.
The ufetubus hits you. The ufetubus closely misses you. The ufetubus hits you.
The ufetubus barely misses you.
You barely miss the ufetubus.
The ufetubus is lightly wounded.
The ufetubus barely misses you. x2
You hit the ufetubus but do no damage.
You bite the ufetubus, but do no damage.
The ufetubus is heavily wounded.
The ufetubus hits you.
The ufetubus hits you but does no damage.
The ufetubus hits you. The ufetubus misses you.
You closely miss the ufetubus.
The ufetubus is almost dead.
You kill the ufetubus!
The large abomination hits you!!!
Ouch! That really hurt!
You die...

# ##. .. .
.. # .
###.##. #..
..#.....#
#..#
#.....#.#
.#.# .#
#..##..###.#
##@#. §#
.###
≈≈≈....X#.#
.#.#.#
≈≈≈#..##.#
.. ...# #
≈..# .(##
......## .
≈≈≈.#..#.#
...### # ∩#
≈≈(####
..[.#X ..
#.#..# ≈..
.##...#
#.#.# # ..
###.
..##.#..##
.#
....#.......
##


You could see a large abomination.

Vanquished Creatures
  An ufetubus (Abyss:1)
1 creature vanquished.

Notes
Turn   | Place    | Note
-------+----------+-------------------------------------------
     0 | Abyss:1  | Gargoyl the Gnoll Abyssal Knight began the quest for the
                  | Orb.
     0 | Abyss:1  | Reached XP level 1. HP: 23/23 MP: 3/3
    44 | Abyss:1  | Noticed a large abomination
    80 | Abyss:1  | Annihilated by a large abomination

Illustrated notes

Levels and vault maps discovered:
Abyss:1:  base: Temple, base: Temple, minivault_13

Action                   || total
-------------------------++-------
Melee: Hand axe          ||     3
       Bite              ||     1
Throw: Dart              ||     4
  Use: Scroll            ||     1
Armor: Leather armour    ||     1
Dodge: Dodged            ||    11

Table legend: (Time is in decaauts)
 A = Elapsed time spent in this place.
 B = Non-inter-level travel time spent in this place.
 C = Inter-level travel time spent in this place.
 D = Time resting spent in this place.
 E = Time spent auto-exploring this place.
 F = Levels seen in this place.
 G = Mean time per level.
                   A        B        C        D        E       F      G
               +--------+--------+--------+--------+--------+-----+--------+
         Total |     80 |     80 |      0 |      0 |     42 |   1 |   80.0 |
         Abyss |     80 |     80 |      0 |      0 |     42 |   1 |   80.0 |
               +--------+--------+--------+--------+--------+-----+--------+

Top non-repeatable levels by time:
 Abyss:1: 80 daAuts
